[Event "Titled Tuesday Blitz May 2 Late 2023"]
[White "Nazaretyan, Tigran"]
[Black "Simonian, Hrair"]
[WhiteFideId "24162345"]
[BlackFideId "13302337"]
[WhiteElo "2111"]
[BlackElo "2447"]
[Result "0-1"]
[Round "08"]
[TimeControl "180+2"]
[Date "2023.05.02"]
[WhiteClock "0:00:08"]
[BlackClock "0:00:37"]

1. d4 Nf6 2. c4 b6 3. Nf3 Bb7 4. a3 e6 5. Nc3 d5 6. cxd5 Nxd5 7. e3 Nxc3 8. bxc3 Be7 9. Bb5+ c6 10. Bd3 O-O 11. Qc2 h6 12. O-O c5 13. e4 cxd4 14. cxd4 Nc6 15. Bb2 Rc8 16. Qe2 Bf6 17. e5 Be7 18. Qe4 g6 19. Qf4 Bg5 20. Qg4 Kg7 21. h4 Be7 22. h5 g5 23. Rfd1 Na5 24. d5 Bxd5 25. Nd4 Nc4 26. Nf5+ exf5 27. Qxf5 Rh8 28. e6+ Bf6 29. Bxf6+ Qxf6 30. Qxd5 Nb2 31. exf7 Rcd8 32. Qb7 Nxd3 33. f8=Q+ Kxf8 34. Qxa7 Qxf2+ 35. Kh1 Qh4+ 36. Kg1 Qd4+ 37. Kh2 Qf4+ 38. Kg1 Qf2+ 39. Kh2 Rd4 0-1


[Site "https://www.chess.com"]

[Event "Titled Tuesday Blitz May 2 Late 2023"]
[White "Hajiyev, Kanan"]
[Black "Wieczorek, Oskar"]
[WhiteFideId "13404148"]
[BlackFideId "1133950"]
[WhiteElo "2103"]
[BlackElo "2418"]
[Result "1-0"]
[Round "08"]
[TimeControl "180+2"]
[Date "2023.05.02"]
[WhiteClock "0:01:26"]
[BlackClock "0:02:31"]

1. d4 Nf6 2. Nf3 g6 3. c4 c5 4. g3 Qa5+ 5. Qd2 Qxd2+ 6. Bxd2 Bg7 7. Nc3 O-O 8. dxc5 Na6 9. Be3 b6 10. cxb6 axb6 11. Bg2 Bb7 12. O-O Rfc8 13. Bxb6 Rxc4 14. Ne5 Bxg2 15. Nxc4 Bxf1 16. Kxf1 d5 17. Ne5 Nb4 18. Bc5 Na6 19. Bxe7 Ne4 20. Nxe4 dxe4 21. Nc4 Rc8 22. Rd1 h5 23. Rd8+ 1-0


[Site "https://www.chess.com"]

[Event "Titled Tuesday Blitz May 2 Late 2023"]
[White "Aldokhin, Ivan"]
[Black "Adan Bermudez, Sergio"]
[WhiteFideId "24115720"]
[BlackFideId "2292726"]
[WhiteElo "2322"]
[BlackElo "2292"]
[Result "1/2-1/2"]
[Round "08"]
[TimeControl "180+2"]
[Date "2023.05.02"]
[WhiteClock "0:00:02"]
[BlackClock "0:00:37"]

1. e4 c5 2. Nf3 Nc6 3. d4 cxd4 4. Nxd4 e5 5. Nb5 a6 6. Nd6+ Bxd6 7. Qxd6 Qe7 8. Qd2 Nf6 9. Nc3 d6 10. b3 Nd4 11. Bb2 Be6 12. Bd3 Rc8 13. Ne2 Nxe2 14. Qxe2 O-O 15. c4 b5 16. cxb5 axb5 17. Bxb5 d5 18. O-O dxe4 19. Bxe5 Ng4 20. Bg3 f5 21. f3 Qc5+ 22. Kh1 f4 23. fxg4 fxg3 24. Qxe4 Bd5 25. Rxf8+ Rxf8 26. Qxd5+ Qxd5 27. Bc4 Qxc4 28. bxc4 Rc8 29. Rc1 Ra8 30. Rc2 Kf7 31. hxg3 Ke7 32. Kg1 Kd6 33. c5+ Kc6 34. Kf2 Ra4 35. Kf3 g5 36. Re2 h6 37. Re6+ Kd5 38. Rxh6 Ra3+ 39. Kf2 Rxa2+ 40. Kg1 Ra1+ 41. Kh2 Ra4 42. Kh3 Ra1 43. Kh2 Ra4 44. Rg6 Rxg4 45. Kh3 Rc4 46. Rxg5+ Ke6 47. g4 Kf6 48. Rf5+ Kg6 49. Rd5 Rc1 50. Kg3 Rc3+ 51. Kh4 Rc1 52. Rd6+ Kf7 53. c6 Ke7 54. Rh6 Kf7 55. Kh5 Kg7 56. Rd6 Kf7 57. Kg5 Rc5+ 58. Kh6 Rc1 59. Rd7+ Ke6 60. Rg7 Kf6 61. Rg6+ Kf7 62. Rg7+ Kf6 63. Rg6+ Kf7 64. Kh5 Rh1+ 65. Kg5 Rc1 66. Rd6 Rc5+ 67. Kh6 Rc1 68. Kg5 1/2-1/2


[Site "https://www.chess.com"]

[Event "Titled Tuesday Blitz May 2 Late 2023"]
[White "Guerra Tulcan, Lenin"]
[Black "Stork, Oliver"]
[WhiteFideId "3601382"]
[BlackFideId "12955728"]
[WhiteElo "2368"]
[BlackElo "2239"]
[Result "1/2-1/2"]
[Round "08"]
[TimeControl "180+2"]
[Date "2023.05.02"]
[WhiteClock "0:00:11"]
[BlackClock "0:00:28"]

1. e4 c6 2. Nf3 d5 3. exd5 cxd5 4. Ne5 Nf6 5. Bb5+ Bd7 6. Qe2 a6 7. Bxd7+ Nbxd7 8. O-O e6 9. Re1 Bd6 10. Nxf7 Bxh2+ 11. Kxh2 Kxf7 12. Qxe6+ Kf8 13. Qd6+ Kf7 14. Nc3 Nf8 15. Qxd8 Rxd8 16. d3 Ne6 17. f3 Nd4 18. Re5 Nxc2 19. Rb1 Rhe8 20. Bf4 Nb4 21. Rd1 Nc6 22. Rxe8 Rxe8 23. d4 Na5 24. Be5 Nc4 25. Bxf6 gxf6 26. Nxd5 Nxb2 27. Rc1 Rd8 28. Rc7+ Ke6 29. Nf4+ Kf5 30. Ne2 b5 31. Rxh7 Nc4 32. Ra7 a5 33. Rb7 Nd6 34. Rb6 b4 35. g4+ Ke6 36. Kg3 Kd5 37. Nf4+ Kc4 38. Rc6+ Kb5 39. Rc5+ Ka6 40. Nd5 Nb5 41. Rc6+ Ka7 42. Nxf6 Nxd4 43. Rc5 Kb6 44. Rd5 Rxd5 45. Nxd5+ Kc5 46. Ne3 a4 47. g5 b3 48. axb3 axb3 49. Nd1 Kc4 50. Kf4 Kd3 51. Nb2+ Kc2 52. Na4 Ne6+ 53. Kf5 Nc5 54. Nxc5 b2 55. g6 b1=Q 56. Ne4 Qb5+ 57. Kf6 Qd3 58. Ng5 Qd6+ 59. Kf5 Qd5+ 60. Kf6 Qc6+ 61. Kf5 Qd7+ 62. Kf6 Qd8+ 63. Kf5 Kd3 64. g7 Qd7+ 65. Kg6 Qd6+ 66. Kh7 Qh2+ 67. Kg6 Qd6+ 68. Kf7 Qf4+ 69. Kg6 Qd6+ 1/2-1/2


[Site "https://www.chess.com"]

[Event "Titled Tuesday Blitz May 2 Late 2023"]
[White "Meunier-Pion, Jean"]
[Black "Nasir, Zehn"]
[WhiteFideId "20685327"]
[BlackFideId "2613239"]
[WhiteElo "2124"]
[BlackElo "1993"]
[Result "0-1"]
[Round "08"]
[TimeControl "180+2"]
[Date "2023.05.02"]
[WhiteClock "0:00:03"]
[BlackClock "0:00:42"]

1. d4 Nf6 2. c4 e5 3. dxe5 Ng4 4. Nf3 Bc5 5. e3 Nc6 6. Be2 Ngxe5 7. O-O O-O 8. Nc3 Re8 9. a3 a5 10. Nd4 Qh4 11. f4 Ng6 12. g3 Qd8 13. Nd5 Nxd4 14. exd4 Bxd4+ 15. Qxd4 Rxe2 16. Be3 Ne7 17. Nc3 Nf5 18. Nxe2 Nxd4 19. Bxd4 d6 20. f5 f6 21. Rae1 Bd7 22. Bc3 Qf8 23. Nf4 Bxf5 24. Nd5 Bd3 25. Rf4 Re8 26. Rd1 Bc2 27. Rc1 Re2 28. Nxc7 Qc8 29. Nd5 Qh3 30. Rf2 Rxf2 31. Kxf2 Qxh2+ 32. Kf3 Qh5+ 33. Kf2 Qf5+ 34. Kg1 Qd3 35. Re1 Qxg3+ 36. Kf1 Bd3+ 37. Re2 Qf3+ 38. Kg1 Bxe2 0-1


[Site "https://www.chess.com"]

[Event "Titled Tuesday Blitz May 2 Late 2023"]
[White "Koellner, Ruben Gideon"]
[Black "Bayo Milagro, Alvaro"]
[WhiteFideId "12993093"]
[BlackFideId "22275240"]
[WhiteElo "2314"]
[BlackElo "2270"]
[Result "0-1"]
[Round "08"]
[TimeControl "180+2"]
[Date "2023.05.02"]
[WhiteClock "0:00:05"]
[BlackClock "0:00:13"]

1. d4 Nf6 2. Nf3 g6 3. Nbd2 d5 4. e3 Bg7 5. b4 a5 6. b5 O-O 7. c4 Nbd7 8. cxd5 Nxd5 9. Bc4 N7b6 10. O-O Nxc4 11. Nxc4 Bg4 12. Bb2 a4 13. Ba3 Nc3 14. Qc2 Nxb5 15. Rab1 Nxa3 16. Nxa3 Bxf3 17. gxf3 e5 18. dxe5 Bxe5 19. f4 Bg7 20. Rxb7 Qc8 21. Qc6 Ra6 22. Qf3 c5 23. Rc1 Rc6 24. Rb5 c4 25. Rb4 c3 26. Nc2 Rc4 27. Qe2 Rxb4 28. Nxb4 Rd8 29. Rc2 Qc5 30. Nd3 Qc4 31. Ne5 Qxe2 32. Rxe2 Bxe5 33. fxe5 Rd2 34. Kf1 Rb2 35. Re1 c2 36. Ke2 c1=Q+ 0-1


[Site "https://www.chess.com"]

[Event "Titled Tuesday Blitz May 2 Late 2023"]
[White "Erzhanov, Arman"]
[Black "Adla, Diego"]
[WhiteFideId "4138821"]
[BlackFideId "100072"]
[WhiteElo "2138"]
[BlackElo "2377"]
[Result "1-0"]
[Round "08"]
[TimeControl "180+2"]
[Date "2023.05.02"]
[WhiteClock "0:00:19"]
[BlackClock "0:00:03"]

1. e4 e5 2. Nf3 Nc6 3. Bb5 Bc5 4. c3 Qf6 5. d4 Bb6 6. O-O Nge7 7. d5 a6 8. Bd3 Nd8 9. Bg5 Qg6 10. Bxe7 Kxe7 11. Nxe5 Qh6 12. Ng4 Qg5 13. d6+ cxd6 14. Kh1 h5 15. Ne3 Bxe3 16. fxe3 b5 17. a4 Bb7 18. axb5 axb5 19. Rxa8 Bxa8 20. Nd2 Ne6 21. Rf5 Qxe3 22. Nf1 Qh6 23. Rxb5 g6 24. Ne3 h4 25. Qf3 h3 26. g3 Ng5 27. Qf4 Nxe4 28. Qxh6 Rxh6 29. Nd5+ Bxd5 30. Rxd5 Nf6 31. Rd4 Rh5 32. Bf1 g5 33. g4 Rh4 34. Be2 d5 35. Bf3 Ke6 36. Kg1 Rh8 37. Kf2 Ra8 38. Kg3 Ra2 39. Rd2 Ke5 40. Kxh3 Ne4 41. Bxe4 dxe4 42. Rxd7 Rxb2 43. Rxf7 Rc2 44. Rf5+ Ke6 45. Rxg5 Rxc3+ 46. Kg2 Rc2+ 47. Kg3 Rc3+ 48. Kf4 Rh3 49. Kxe4 Rxh2 50. Rf5 Re2+ 51. Kf3 Re1 52. Kg3 Rh1 53. Rf2 Ke7 54. g5 Ke6 55. Kg4 Ke7 56. g6 Rh8 57. Kg5 Rf8 58. Re2+ Kd7 59. g7 Rf1 60. Kg6 Rg1+ 61. Kh7 Rh1+ 62. Kg8 Rh3 63. Re4 Rh1 64. Kf7 Rf1+ 65. Kg6 Rg1+ 66. Kf6 Rf1+ 67. Kg5 Rg1+ 68. Rg4 Rxg4+ 69. Kxg4 1-0


[Site "https://www.chess.com"]

[Event "Titled Tuesday Blitz May 2 Late 2023"]
[White "Graif, William"]
[Black "Lee, Linden"]
[WhiteFideId "2609835"]
[BlackFideId "30941830"]
[WhiteElo "2205"]
[BlackElo "1985"]
[Result "0-1"]
[Round "08"]
[TimeControl "180+2"]
[Date "2023.05.02"]
[WhiteClock "0:01:46"]
[BlackClock "0:02:23"]

1. e4 c6 2. d4 d5 3. Nc3 dxe4 4. Bc4 Nf6 5. f3 exf3 6. Nxf3 Bf5 7. O-O e6 8. Ng5 Bg6 9. Bxe6 fxe6 10. Nxe6 Qd6 11. Bg5 Be7 12. Nxg7+ Kf7 13. Nh5 Nd7 14. Nf4 Rae8 15. Nxg6 hxg6 16. Ne4 Qxh2+ 17. Kf2 Nxe4+ 18. Ke3+ Bf6 0-1


[Site "https://www.chess.com"]

[Event "Titled Tuesday Blitz May 2 Late 2023"]
[White "Tomaszewski, Kacper"]
[Black "Kanakaris, Georgios"]
[WhiteFideId "1127373"]
[BlackFideId "4209460"]
[WhiteElo "2211"]
[BlackElo "2291"]
[Result "1-0"]
[Round "08"]
[TimeControl "180+2"]
[Date "2023.05.02"]
[WhiteClock "0:00:26"]
[BlackClock "0:00:02"]

1. c4 e5 2. e3 Nc6 3. Nc3 Nf6 4. a3 a5 5. Qc2 g6 6. Nf3 Bg7 7. d3 O-O 8. Be2 d5 9. cxd5 Nxd5 10. Bd2 Be6 11. O-O Nxc3 12. Bxc3 a4 13. Rac1 Bb3 14. Qb1 Qe7 15. Nd2 Bd5 16. Ne4 f5 17. Nd2 Rad8 18. Bd1 Qh4 19. e4 Be6 20. Bxa4 Bh6 21. Rce1 Nd4 22. Bd1 Bxd2 23. Bxd2 f4 24. f3 Rd7 25. Bc2 Rfd8 26. Bc3 Qg5 27. Bxd4 Rxd4 28. Rf2 h5 29. b4 h4 30. Bb3 Qe7 31. Qa2 Bxb3 32. Qxb3+ Kg7 33. Rd1 h3 34. gxh3 R8d6 35. Rg2 Qh4 36. Qc2 c6 37. Qe2 Qxh3 38. Rg4 Rd8 39. Kh1 1-0


[Site "https://www.chess.com"]

[Event "Titled Tuesday Blitz May 2 Late 2023"]
[White "Petrovic, Aleksa"]
[Black "Adewumi, Tanitoluwa"]
[WhiteFideId "967629"]
[BlackFideId "30966396"]
[WhiteElo "2309"]
[BlackElo "2283"]
[Result "1/2-1/2"]
[Round "08"]
[TimeControl "180+2"]
[Date "2023.05.02"]
[WhiteClock "0:00:02"]
[BlackClock "0:00:10"]

1. d4 Nf6 2. c4 e6 3. Nf3 b6 4. g3 Ba6 5. Qa4 Bb7 6. Bg2 c5 7. dxc5 Bxc5 8. O-O O-O 9. Rd1 d5 10. cxd5 exd5 11. Nc3 Nc6 12. Bg5 h6 13. Bxf6 Qxf6 14. Nxd5 Qxb2 15. Nd2 Rad8 16. e3 Ne5 17. Nc4 Nxc4 18. Qxc4 Qe5 19. a4 Rd6 20. Nf4 Bxg2 21. Kxg2 Rfd8 22. Qc2 g5 23. Ne2 g4 24. Nc3 h5 25. Rxd6 Rxd6 26. Rd1 Rxd1 27. Nxd1 Qd5+ 28. e4 Qc6 29. h3 Qe6 30. hxg4 Qxg4 31. f3 Qg6 32. Qd2 h4 33. g4 Qd6 34. Qxd6 Bxd6 35. Ne3 Bf4 36. Nd5 Bg3 37. Ne7+ Kf8 38. Nc6 a6 39. Nb4 b5 40. a5 Bc7 41. Nxa6 Bxa5 42. Kh3 b4 43. Nc5 Bb6 44. Nd3 Be3 45. Nxb4 Bf2 46. Nd3 Kg7 47. Nxf2 Kf6 48. Kxh4 Ke5 49. Kg3 Kd4 50. Nh3 Ke3 51. Ng5 f6 52. Nh7 f5 53. gxf5 Kd4 54. f6 Ke5 55. f7 Ke6 56. f8=Q Ke5 57. Qc5+ Ke6 58. Qd5+ Ke7 59. e5 Ke8 60. Nf6+ Ke7 61. Qd7+ Kf8 62. Ng4 Kg8 1/2-1/2


[Site "https://www.chess.com"]

[Event "Titled Tuesday Blitz May 2 Late 2023"]
[White "Marek, Matyas"]
[Black "Womacka, Mathias"]
[WhiteFideId "335398"]
[BlackFideId "4611390"]
[WhiteElo "2279"]
[BlackElo "2377"]
[Result "1-0"]
[Round "08"]
[TimeControl "180+2"]
[Date "2023.05.02"]
[WhiteClock "0:00:41"]
[BlackClock "0:00:06"]

1. Nf3 c5 2. g3 Nc6 3. Bg2 g6 4. O-O Bg7 5. c3 e5 6. d4 cxd4 7. cxd4 exd4 8. Bf4 Nge7 9. Bd6 O-O 10. Na3 Re8 11. Nb5 Nf5 12. Bf4 d6 13. Bh3 a6 14. Bxf5 axb5 15. Bd3 Ne5 16. Bxb5 Nxf3+ 17. exf3 Bd7 18. Bc4 Be6 19. Bb5 Bd7 20. Qd3 Be5 21. Bh6 Bxb5 22. Qxb5 Qc8 23. Qd3 Qc6 24. Rfc1 Qb6 25. b3 Rec8 26. Bd2 Rc6 27. a4 Rac8 28. f4 Bg7 29. Rxc6 bxc6 30. a5 Qa7 31. a6 Rb8 32. Qc4 c5 33. Ba5 d5 34. Qxd5 Qxa6 35. Qxc5 Qb5 36. b4 d3 37. Rd1 Qxc5 38. bxc5 Rb3 39. c6 1-0


[Site "https://www.chess.com"]

[Event "Titled Tuesday Blitz May 2 Late 2023"]
[White "Vlassov, Nikolai"]
[Black "Papayan, Oleg"]
[WhiteFideId "4103360"]
[BlackFideId "4193911"]
[WhiteElo "2324"]
[BlackElo "2153"]
[Result "1-0"]
[Round "08"]
[TimeControl "180+2"]
[Date "2023.05.02"]
[WhiteClock "0:00:08"]
[BlackClock "0:00:01"]

1. e4 d5 2. exd5 Qxd5 3. Nc3 Qa5 4. Nf3 Nf6 5. d4 Bf5 6. Ne5 c6 7. g4 Be6 8. Rg1 Nbd7 9. Nc4 Qc7 10. Qf3 Qxh2 11. Rg3 Qh4 12. g5 Nd5 13. Bd2 Qxd4 14. O-O-O Ne5 15. Nxe5 Qxe5 16. Ne4 O-O-O 17. Bd3 f5 18. Nc5 Nf4 19. Qxf4 Qxc5 20. Re1 Bd7 21. Re5 Qd6 22. Bb4 Qc7 23. Qe3 e6 24. Bxf8 Rhxf8 25. f4 b6 26. Rh3 h6 27. gxh6 gxh6 28. Rxh6 Rh8 29. Rxh8 Rxh8 30. b3 Kb7 31. Kb2 Rh1 32. Qd4 Rh7 33. a4 a5 34. b4 axb4 35. Qxb4 Kc8 36. Ba6+ Kb8 37. Bc4 Ka7 38. a5 b5 39. Bxe6 Bxe6 40. Rxe6 Rd7 41. Qc5+ Kb7 42. a6+ Ka8 43. Rxc6 Qxf4 44. Rc8+ Qb8 45. Qc6+ Rb7 46. Qxb7# 1-0


[Site "https://www.chess.com"]

[Event "Titled Tuesday Blitz May 2 Late 2023"]
[White "Janaszak, Dawid"]
[Black "Przybylski, Wojciech"]
[WhiteFideId "1119206"]
[BlackFideId "1117599"]
[WhiteElo "2220"]
[BlackElo "2222"]
[Result "1-0"]
[Round "08"]
[TimeControl "180+2"]
[Date "2023.05.02"]
[WhiteClock "0:00:09"]
[BlackClock "0:00:02"]

1. e4 e5 2. Nc3 Nc6 3. Bc4 d6 4. d3 Be6 5. Bxe6 fxe6 6. f4 Nf6 7. Nf3 Qd7 8. fxe5 dxe5 9. Be3 O-O-O 10. Qd2 h6 11. a3 Bd6 12. O-O-O Rhf8 13. h3 Nh5 14. Kb1 Be7 15. Rhf1 g5 16. Ne2 Nf4 17. Nc1 Bf6 18. Nb3 b6 19. Rf2 Kb7 20. Qc3 Qh7 21. Qc4 Rd6 22. Qb5 Kc8 23. Qa6+ Kb8 24. Nfd2 Rdd8 25. Nc5 bxc5 26. Qb5+ Kc8 27. Qxc6 Be7 28. Nc4 Bd6 29. Bxc5 Bxc5 30. Qxc5 Qd7 31. Qxa7 Qd4 32. Qa6+ Kd7 33. Qb5+ Ke7 34. Rdf1 c5 35. Na5 Kf6 36. Nc6 Qe3 37. Nxd8 Rxd8 38. Rf3 Qe2 39. g3 Kg6 40. g4 Rd6 41. Qxc5 Rd7 42. Qxe5 Rb7 43. Qc3 Rd7 44. h4 e5 45. hxg5 hxg5 46. R3f2 Qe3 47. Qxe5 Rf7 48. Qd6+ Rf6 49. Qd8 Kg7 50. Rh2 1-0


[Site "https://www.chess.com"]

[Event "Titled Tuesday Blitz May 2 Late 2023"]
[White "Hnydiuk, Aleksander"]
[Black "Kubatko, Ivan"]
[WhiteFideId "1109057"]
[BlackFideId "24111473"]
[WhiteElo "2374"]
[BlackElo "2285"]
[Result "1-0"]
[Round "08"]
[TimeControl "180+2"]
[Date "2023.05.02"]
[WhiteClock "0:00:03"]
[BlackClock "0:00:01"]

1. e4 d5 2. exd5 Qxd5 3. Nc3 Qa5 4. d4 Nf6 5. Nf3 Bg4 6. h3 Bh5 7. Bd2 Nc6 8. Nb5 Qb6 9. c4 Bxf3 10. Qxf3 Nxd4 11. Nxd4 Qxd4 12. Qxb7 Qe4+ 13. Qxe4 Nxe4 14. Be3 e6 15. Bd3 Nc5 16. Bc2 O-O-O 17. Ke2 a5 18. Rhd1 Be7 19. Bd2 Nb7 20. Be4 Nd6 21. Bd3 Nb7 22. Bc3 Bf6 23. Bxf6 gxf6 24. Bc2 Nc5 25. Ke3 h6 26. Rd4 c6 27. Rad1 e5 28. Rg4 Rxd1 29. Bxd1 Ne6 30. Bc2 Nd4 31. Bd3 Kd7 32. Rg7 Ke6 33. f4 h5 34. g3 c5 35. b3 a4 36. Be4 Ke7 37. bxa4 Rb8 38. a5 Rb2 39. a6 Rxa2 40. Bb7 Ne6 41. Rh7 exf4+ 42. gxf4 Ra3+ 43. Ke4 Nc7 44. Rxh5 Nxa6 45. Bxa6 Rxa6 46. Rxc5 Ra3 47. Rc7+ Ke6 48. Kd4 Rxh3 49. Rc6+ Ke7 50. Rc7+ Ke6 51. Rc6+ Ke7 52. f5 Rh1 53. Rc7+ Ke8 54. Rb7 Rf1 55. c5 Rxf5 56. c6 Kd8 57. Rxf7 Rf1 58. Kc5 Rb1 59. Kd6 Ke8 60. Re7+ Kf8 61. Rd7 Rd1+ 62. Kc7 Rc1 63. Kb7 f5 64. c7 Rb1+ 65. Kc6 Rc1+ 66. Kd6 Rd1+ 67. Ke6 Re1+ 68. Kf6 Rc1 69. Rd8# 1-0


[Site "https://www.chess.com"]

[Event "Titled Tuesday Blitz May 2 Late 2023"]
[White "Tsyhanchuk, Stanislav"]
[Black "Haydon, David L"]
[WhiteFideId "13505130"]
[BlackFideId "415405"]
[WhiteElo "2173"]
[BlackElo "2326"]
[Result "0-1"]
[Round "08"]
[TimeControl "180+2"]
[Date "2023.05.02"]
[WhiteClock "0:00:06"]
[BlackClock "0:00:14"]

1. c4 c6 2. Nc3 d5 3. e3 Nf6 4. Nf3 Bg4 5. cxd5 cxd5 6. Qb3 e6 7. Qxb7 Nbd7 8. Bb5 Bd6 9. Bxd7+ Nxd7 10. Nb5 O-O 11. Nxd6 Nc5 12. Qc6 Nd3+ 13. Kf1 Qf6 14. Qc3 e5 15. Qxd3 Qxd6 16. Qa3 Qc7 17. d3 Rfc8 18. Bd2 e4 19. dxe4 Qc4+ 20. Ke1 dxe4 21. Nd4 Rab8 22. h3 Bd7 23. b3 Qd3 24. Rc1 h5 25. Qb2 a5 26. Bc3 a4 27. b4 a3 28. Qd2 Qa6 29. Qe2 Qa4 30. f3 Rxb4 31. Kf2 Rbc4 32. Bd2 exf3 33. gxf3 h4 34. Rxc4 Rxc4 35. Rc1 Rxc1 36. Bxc1 Bxh3 37. Qc2 Qd7 38. Bxa3 Qd8 39. Qc5 Qf6 40. Qf8+ Kh7 41. Qe7 Qh6 42. Qe4+ Kg8 43. Bb4 Qg5 44. Qf4 Qd5 45. Nb3 Qd3 46. Qd4 Qf1# 0-1


[Site "https://www.chess.com"]

[Event "Titled Tuesday Blitz May 2 Late 2023"]
[White "Domingo Nunez, Ruben"]
[Black "Pourkashiyan, Atousa"]
[WhiteFideId "22245570"]
[BlackFideId "12502014"]
[WhiteElo "2404"]
[BlackElo "2228"]
[Result "1-0"]
[Round "08"]
[TimeControl "180+2"]
[Date "2023.05.02"]
[WhiteClock "0:00:57"]
[BlackClock "0:00:06"]

1. e4 c5 2. d4 cxd4 3. c3 Nf6 4. e5 Nd5 5. Nf3 e6 6. cxd4 d6 7. a3 Bd7 8. Bd3 Bc6 9. O-O Nd7 10. b4 a6 11. Re1 dxe5 12. dxe5 Be7 13. Bb2 Rc8 14. Nbd2 Nf4 15. Be4 O-O 16. g3 Ng6 17. h4 Re8 18. h5 Ngf8 19. h6 g6 20. Bxc6 Rxc6 21. Ne4 Nb6 22. Qe2 Nd5 23. Red1 Qc7 24. Rac1 Rc8 25. Rxc6 Qxc6 26. Nd6 Nc3 27. Bxc3 Bxd6 28. exd6 Qxc3 29. d7 Rd8 30. Ne5 f6 31. Nc4 b5 32. Nb6 Qc6 33. Qe3 Nxd7 34. Qd4 e5 35. Qd5+ Qxd5 36. Rxd5 Kf7 37. Rxd7+ Rxd7 38. Nxd7 Ke6 39. Nc5+ Kd5 40. Nxa6 Kc4 41. Nc7 f5 42. Kf1 Kb3 43. Nxb5 Ka4 44. Nd6 Kxa3 45. b5 1-0


[Site "https://www.chess.com"]

[Event "Titled Tuesday Blitz May 2 Late 2023"]
[White "Suvorov, Luca"]
[Black "Melikyan, Gnel"]
[WhiteFideId "12977071"]
[BlackFideId "54109990"]
[WhiteElo "2202"]
[BlackElo "2138"]
[Result "1-0"]
[Round "08"]
[TimeControl "180+2"]
[Date "2023.05.02"]
[WhiteClock "0:01:34"]
[BlackClock "0:01:36"]

1. e4 c6 2. d4 d5 3. e5 Bf5 4. h4 h5 5. Bd3 Bxd3 6. Qxd3 e6 7. Bg5 Be7 8. Nf3 Nd7 9. Nc3 a6 10. Ne2 c5 11. c3 Qb6 12. b3 Rc8 13. O-O c4 14. bxc4 Rxc4 15. Nd2 Rc8 16. c4 Bxg5 17. hxg5 Ne7 18. Rab1 Qa7 19. c5 b6 20. cxb6 Nxb6 21. Nf4 g6 22. Nb3 Nc4 23. Nc5 Nxe5 24. Qa3 Nc4 25. Qa4+ Kf8 26. Rb7 Qa8 27. Rxe7 Kxe7 28. Qd7+ Kf8 29. Nxg6+ Kg7 30. Nxh8 Rxh8 31. Nxe6+ Kg8 32. g6 fxe6 33. Qf7# 1-0


[Site "https://www.chess.com"]

[Event "Titled Tuesday Blitz May 2 Late 2023"]
[White "Prydun, Andriy"]
[Black "Ballester Llagaria, Luis Eduardo"]
[WhiteFideId "14145898"]
[BlackFideId "2297620"]
[WhiteElo "2164"]
[BlackElo "2344"]
[Result "1-0"]
[Round "08"]
[TimeControl "180+2"]
[Date "2023.05.02"]
[WhiteClock "0:00:41"]
[BlackClock "0:00:35"]

1. e4 c5 2. Nf3 e6 3. Nc3 Nc6 4. g3 Nf6 5. Bg2 Be7 6. O-O e5 7. d3 O-O 8. Bg5 d6 9. Nd2 h6 10. Bxf6 Bxf6 11. Nc4 Be6 12. Ne3 g6 13. Kh1 Bg7 14. f4 f5 15. exf5 gxf5 16. Qh5 Nd4 17. Rf2 Rb8 18. Raf1 Qd7 19. Bd5 Bxd5+ 20. Ncxd5 Rbe8 21. c3 exf4 22. Rxf4 Ne6 23. Rxf5 Ng5 24. Qg6 Rxf5 25. Nxf5 Re6 26. Nxh6+ Kh8 27. Rf8+ 1-0


[Site "https://www.chess.com"]

[Event "Titled Tuesday Blitz May 2 Late 2023"]
[White "Kavutskiy, Konstantin"]
[Black "Liu, Casper"]
[WhiteFideId "2026384"]
[BlackFideId "1454153"]
[WhiteElo "2323"]
[BlackElo "2221"]
[Result "1/2-1/2"]
[Round "08"]
[TimeControl "180+2"]
[Date "2023.05.02"]
[WhiteClock "0:00:13"]
[BlackClock "0:00:16"]

1. d4 Nf6 2. Bg5 Ne4 3. Bf4 d5 4. e3 g6 5. Nd2 Nd6 6. Ngf3 Bg7 7. Ne5 O-O 8. h4 h5 9. Be2 Ne4 10. Nxe4 dxe4 11. g4 hxg4 12. Bxg4 Bxg4 13. Qxg4 Nc6 14. Nxc6 bxc6 15. h5 Qc8 16. Qxc8 Raxc8 17. hxg6 fxg6 18. c3 Kf7 19. O-O-O Bf6 20. Rdg1 Rg8 21. Bg5 Rg7 22. Rg4 Bxg5 23. Rxg5 Rf8 24. Rc5 Ke6 25. Re5+ Kd7 26. Rh2 Rgf7 27. Rxe4 Rxf2 28. Rxf2 Rxf2 29. Rg4 Rf6 30. Kc2 Ke6 31. Rg5 Rf2+ 32. Kb3 Kf6 33. Rc5 g5 34. Rxc6+ Kf7 35. Rxc7 g4 36. Rc5 Kg6 37. Rc6+ Rf6 38. Rc8 Kg7 39. Rc7 Kf7 40. Rc5 Kg6 41. Rc8 Kg7 42. Rc7 Kf7 43. Rc5 g3 44. Rg5 Rg6 45. Rf5+ Rf6 46. Rg5 Rg6 47. Rf5+ Rf6 48. Rg5 1/2-1/2


[Site "https://www.chess.com"]

[Event "Titled Tuesday Blitz May 2 Late 2023"]
[White "Karas, Marek"]
[Black "Lopez Del Alamo, Antonio"]
[WhiteFideId "14928558"]
[BlackFideId "2227339"]
[WhiteElo "2233"]
[BlackElo "2175"]
[Result "1-0"]
[Round "08"]
[TimeControl "180+2"]
[Date "2023.05.02"]
[WhiteClock "0:01:38"]
[BlackClock "0:00:16"]

1. Nc3 e5 2. Nf3 Nc6 3. d4 exd4 4. Nxd4 Nf6 5. e4 d6 6. Bb5 Bd7 7. Bxc6 bxc6 8. O-O Be7 9. Qf3 c5 10. Nf5 Bxf5 11. Qxf5 Qd7 12. Qxd7+ Nxd7 13. Nd5 Bd8 14. b3 c6 15. Ne3 Bf6 16. Rb1 Bd4 17. Nf5 O-O 18. Nxd6 Ne5 19. Bf4 Rfd8 20. Bxe5 Bxe5 21. Nc4 Bd4 22. Rbd1 g6 23. g3 Kg7 24. Kg2 h5 25. f4 h4 26. Kf3 hxg3 27. hxg3 f6 28. Rh1 Rh8 29. Na5 Rac8 30. Rxh8 Kxh8 31. Nc4 Kg7 32. Rh1 Rd8 33. Na5 Bc3 34. Nc4 a5 35. a4 Rd7 36. Ke2 Rd8 37. Rd1 Rh8 38. Rd7+ Kh6 39. Nd6 Kh5 40. Kf3 g5 41. Nf5 g4+ 42. Ke2 c4 43. bxc4 c5 44. Rg7 Bb4 45. e5 fxe5 46. Rg5# 1-0


[Site "https://www.chess.com"]

[Event "Titled Tuesday Blitz May 2 Late 2023"]
[White "Ferriz Barrios, Andres"]
[Black "Shapiro, Viktor"]
[WhiteFideId "5104467"]
[BlackFideId "4175700"]
[WhiteElo "2102"]
[BlackElo "2152"]
[Result "0-1"]
[Round "08"]
[TimeControl "180+2"]
[Date "2023.05.02"]
[WhiteClock "0:01:34"]
[BlackClock "0:00:05"]

1. d4 Nf6 2. Nf3 c5 3. c3 d5 4. e3 Nc6 5. Nbd2 e6 6. b3 cxd4 7. exd4 Bd6 8. Bb2 O-O 9. Rc1 e5 10. dxe5 Nxe5 11. Be2 Re8 12. O-O Bf5 13. c4 Nd3 14. Bxd3 Bxd3 15. Re1 dxc4 16. Nxc4 Rxe1+ 17. Qxe1 Bxc4 18. Rxc4 Bf8 19. Rd4 Qb6 20. Rd1 Re8 21. Qf1 Ne4 22. Bd4 Qa5 23. a4 a6 24. Qd3 b5 25. axb5 axb5 26. Ra1 Qb4 27. h3 Nc5 28. Bxc5 Qxc5 29. b4 Qxb4 30. Rb1 Qc4 31. Qd7 Rb8 32. Ne5 Qe6 33. Qxe6 fxe6 34. f4 b4 35. Kf2 b3 36. Ke3 b2 37. Kd3 Rb3+ 38. Kc4 Rb4+ 39. Kd3 Bd6 40. Nc4 Bxf4 41. Rxb2 Rxb2 42. Nxb2 Kf7 43. Nc4 Kf6 44. Ke4 Bc7 45. g4 g6 46. h4 Bg3 47. h5 gxh5 48. gxh5 Kg5 49. Kf3 Bc7 50. Ke4 Kxh5 51. Nd2 Kg5 52. Nf3+ Kf6 53. Nh4 h5 54. Nf3 Bg3 55. Nd4 e5 56. Ne2 h4 57. Kf3 Kg5 58. Nc3 Bf4 59. Ne4+ Kf5 60. Nf2 Bg3 61. Ne4 Be1 62. Nd6+ Ke6 63. Ne4 Kd5 64. Nf6+ Kd4 65. Ng4 h3 66. Ke2 Bg3 67. Kf3 Bf4 68. Kf2 e4 69. Nf6 e3+ 70. Ke2 h2 71. Ng4 h1=Q 72. Nf6 Qg2+ 73. Ke1 Bg3+ 74. Kd1 Qd2# 0-1


[Site "https://www.chess.com"]

[Event "Titled Tuesday Blitz May 2 Late 2023"]
[White "Dovbnia, Nikita"]
[Black "Yeritsyan, Hayk"]
[WhiteFideId "54104599"]
[BlackFideId "13307320"]
[WhiteElo "2076"]
[BlackElo "2241"]
[Result "0-1"]
[Round "08"]
[TimeControl "180+2"]
[Date "2023.05.02"]
[WhiteClock "0:00:15"]
[BlackClock "0:00:13"]

1. Nf3 d5 2. b3 Nf6 3. Bb2 Bf5 4. e3 e6 5. c4 c6 6. Nc3 Nbd7 7. d4 Bd6 8. Bd3 Bxd3 9. Qxd3 Qe7 10. e4 dxc4 11. bxc4 e5 12. d5 Nc5 13. Qe2 cxd5 14. cxd5 a6 15. a4 O-O 16. O-O Rac8 17. Nd2 Qd7 18. Nc4 Qc7 19. Rfc1 Nb3 20. Nxd6 Nxc1 21. Bxc1 Qxc3 22. Bb2 Qc2 23. Qxc2 Rxc2 24. Bxe5 Nxe4 25. Nxe4 Re8 26. d6 Rxe5 27. Rd1 Rd5 28. Rb1 f5 29. Ng3 g6 30. h4 b5 31. axb5 axb5 32. d7 Rxd7 33. Rxb5 Rdd2 34. h5 Rxf2 35. hxg6 Rxg2+ 36. Kh1 Rh2+ 37. Kg1 Rcg2+ 38. Kf1 Rxg3 39. gxh7+ Rxh7 40. Rxf5 Rf7 41. Rxf7 Kxf7 42. Kf2 Rg6 0-1


[Site "https://www.chess.com"]